 Dungeon Crawl Stone Soup version 0.19.0-1-g5985abe (webtiles) character file.

3638 Juniper the Slicer (level 10, -29/76 HPs)
             Began as a Human Berserker on Nov 1, 2016.
             Was a Priest of Trog.
             Annihilated by an orc warrior
             ... wielding a +0 war axe
              (31 damage)
             ... on level 7 of the Dungeon on Nov 3, 2016.
             The game lasted 00:52:46 (7796 turns).

Juniper the Slicer (Human Berserker)                Turns: 7796, Time: 00:52:47

Health: -29/76     AC: 15    Str: 21    XL:     10   Next: 33%
Magic:  10/10      EV:  8    Int:  8    God:    Trog [***...]
Gold:   273        SH:  5    Dex: 15    Spells: 0 memorised, 9 levels left

rFire  . . .     SeeInvis .     x - +4 short sword
rCold  . . .     Gourm    .     G - +0 plate armour
rNeg   . . .     Faith    .     D - +0 buckler
rPois  .         Spirit   .     (no helmet)
rElec  .         Reflect  .     n - +0 cloak
rCorr  .         Harm     .     q - +0 pair of gloves {Dex+3}
MR     .....                    (no boots)
Stlth  ..........               (no amulet)
                                (no ring)
                                (no ring)

@: no status effects
A: no striking features
a: Berserk, Trog's Hand, Burn Spellbooks, Renounce Religion


You were on level 7 of the Dungeon.
You worshipped Trog.
Trog was most pleased with you.
You were not hungry.

You visited 1 branch of the dungeon, and saw 7 of its levels.

You collected 273 gold pieces.

Inventory:

Hand Weapons
 a - a +0 short sword
 h - a +4 flail of holy wrath
 w - a +0 halberd of flaming
 x - a +4 short sword (weapon)
 B - a +1 falchion of holy wrath
Missiles
 M - 8 poisoned javelins (quivered)
Armour
 g - a +0 large shield
 n - a +0 cloak (worn)
 q - a +0 pair of gloves of dexterity (worn)
 D - a +0 buckler (worn)
 F - a +2 scale mail of cold resistance
 G - a +0 plate armour (worn)
Rods
 L - a +0 rod of shadows (9/9)
   (You found it on level 7 of the Dungeon)
Wands
 l - a wand of slowing (26/48)
 A - a wand of disintegration (9/24)
 I - a wand of lightning (7/15)
Scrolls
 d - 3 scrolls of teleportation
 i - a scroll of random uselessness {unknown}
 k - 2 scrolls of immolation {unknown}
 m - 2 scrolls of recharging {unknown}
 o - 8 scrolls of remove curse
 p - 2 scrolls of blinking {unknown}
 s - 3 scrolls of identify
 t - a scroll of fear {unknown}
 y - 2 scrolls of fog {unknown}
 z - a scroll of amnesia {unknown}
Potions
 b - a potion of haste {unknown}
 e - 2 potions of agility
 f - a potion of cure mutation {unknown}
 u - a potion of brilliance {unknown}
 v - a potion of berserk rage {unknown}
 C - 2 potions of curing
 E - 2 potions of lignification
 J - 2 potions of heal wounds
 K - a potion of flight {unknown}
Books
 r - a book of Minor Magic

   Spells                             Type                      Level
   a - Magic Dart                     Conjuration                  1
   b - Blink                          Translocation                2
   c - Call Imp                       Summoning                    2
   d - Repel Missiles                 Charms/Air                   2
   e - Slow                           Hexes                        2
   f - Conjure Flame                  Conjuration/Fire             3
   g - Mephitic Cloud                 Conjuration/Poison/Air       3
   Trog disapproves of the use of such an item.
 H - a book of Minor Magic

   Spells                             Type                      Level
   a - Magic Dart                     Conjuration                  1
   b - Blink                          Translocation                2
   c - Call Imp                       Summoning                    2
   d - Repel Missiles                 Charms/Air                   2
   e - Slow                           Hexes                        2
   f - Conjure Flame                  Conjuration/Fire             3
   g - Mephitic Cloud                 Conjuration/Poison/Air       3
   Trog disapproves of the use of such an item.
Comestibles
 c - 4 bread rations


   Skills:
 + Level 6.1 Fighting
 * Level 8.3(8.9) Short Blades
 - Level 5.0(7.3) Long Blades
 + Level 2.3 Polearms
 + Level 6.7 Armour
 + Level 3.4 Dodging
 + Level 1.4 Stealth
 + Level 5.0 Shields


You had 9 spell levels left.
You didn't know any spells.

Dungeon Overview and Level Annotations

Branches:
Dungeon (7/15)
 Temple: D:4-7

Altars:
Cheibriados
Dithmenos
Fedhas
Hepliaklqana
Okawaru
Sif Muna
Uskayaw
Yredelemnul
Zin


Message History

The orc knight moves out of view.
An orc comes into view. It is wielding a flail.
The orc shouts!
You hear a shout! x2
Your plate armour prevents you from hitting the orc warrior.
The orc warrior hits you with a war axe.
The orc knight roars a battlecry!
The orcs go into a battle-frenzy!
An orc warrior comes into view. It is wielding a glaive.
There is a large open door here.
An orc warrior comes into view. It is wielding a scimitar.
The orc warrior shouts!
You hit the orc warrior but do no damage.
The orc warrior hits you with a war axe!!
* * * LOW HITPOINT WARNING * * *
You puncture the orc warrior!
The orc warrior is moderately wounded.
You puncture the orc warrior!
The orc warrior is heavily wounded.
The orc warrior hits you with a war axe!!
You die...

.............................
≈≈≈≈≈≈≈≈≈≈≈≈≈≈≈≈....≈≈≈≈≈≈≈≈≈
≈≈≈≈≈≈≈≈≈≈≈≈≈≈≈≈...)≈≈≈≈≈≈≈≈≈
####≈≈≈≈≈≈≈≈≈≈≈≈....≈≈≈≈≈≈≈≈≈
...#...............).........
...#############''''#########
##+#.. #....# .# ... #....#
.# .... #@...# .#
###'o#######oo..# ### .#
.#....o....#..o.#.o... .#
.'.........'....'..8# .#
.#.........'....'..8# .#
.#.........#8..8#...... .#
###################### ##+#
..%########


You could see 2 orc warriors and an orc.

Vanquished Creatures
  Grinder (D:4)
  A hornet (D:7)
  The ghost of Trampli the Bolt Thrower, an amateur DDHu (D:3)
  Edmund (D:5)
  6 wargs (D:7)
  An ice beast (D:7)
  4 orc warriors
  A sky beast (D:6)
  3 phantoms
  2 centaurs
  An ogre (D:4)
  3 bullfrogs
  A scorpion (D:6)
  A howler monkey (D:5)
  A crimson imp (D:7)
  A quasit (D:5)
  3 centaur skeletons
  2 orc priests
  A bullfrog skeleton (D:4)
  2 hounds
  An iguana (D:4)
  7 orc wizards
  5 worker ants
  A hound zombie (D:5)
  A hound skeleton (D:4)
  5 gnolls
  11 adders
  A shadow imp (D:6)
  An ooze (D:3)
  An adder zombie (D:5)
  2 adder skeletons
  A worm (D:3)
  A dart slug (D:4)
  5 leopard geckos
  25 orcs
  5 giant cockroaches
  9 goblins
  7 hobgoblins
  8 jackals
  11 kobolds
  3 ball pythons
  7 bats
  6 frilled lizards
  A leopard gecko skeleton (D:5)
  A quokka skeleton (D:7)
  5 rats
168 creatures vanquished.

Vanquished Creatures (others)
  A plant (D:4)
1 creature vanquished.

Grand Total: 169 creatures vanquished

Notes
Turn   | Place    | Note
-------+----------+-------------------------------------------
     0 | D:1      | Juniper the Human Berserker began the quest for the Orb.
     0 | D:1      | Reached XP level 1. HP: 18/18 MP: 1/1
    99 | D:1      | Reached XP level 2. HP: 18/24 MP: 2/2
   425 | D:1      | Reached XP level 3. HP: 25/29 MP: 3/3
   650 | D:1      | Upgraded the game from 0.19.0 to 0.19.0-1-g5985abe
   788 | D:2      | Found a blossoming altar of Fedhas.
   793 | D:2      | Found a basalt altar of Yredelemnul.
   793 | D:2      | Found a deep blue altar of Sif Muna.
   798 | D:2      | Found a hazy altar of Hepliaklqana.
   799 | D:2      | Found a glowing silver altar of Zin.
  1233 | D:2      | Reached skill level 1 in Shields
  1233 | D:2      | Reached XP level 4. HP: 23/35 MP: 4/4
  1277 | D:2      | You fall through a shaft for 2 floors!
  1468 | D:3      | Noticed Trampli's ghost (amateur DDHu)
  1492 | D:3      | Killed Trampli's ghost
  1492 | D:3      | Reached ** piety under Trog
  1492 | D:3      | Reached XP level 5. HP: 34/42 MP: 5/5
  1492 | D:3      | Reached XP level 6. HP: 39/48 MP: 6/6
  1790 | D:3      | Reached skill level 4 in Short Blades
  2032 | D:4      | Noticed a phantom
  2198 | D:4      | Killed a phantom
  2198 | D:4      | Reached XP level 7. HP: 18/54 MP: 7/7
  2767 | D:4      | Noticed Grinder
  2854 | D:3      | Reached skill level 1 in Stealth
  3924 | D:4      | Paralysed by Grinder for 6 turns
  3940 | D:4      | Killed Grinder
  3940 | D:4      | Reached skill level 1 in Long Blades
  3940 | D:4      | Reached skill level 1 in Polearms
  3940 | D:4      | Reached XP level 8. HP: 28/61 MP: 8/8
  4056 | D:5      | Entered Level 5 of the Dungeon
  4066 | D:5      | Noticed Edmund
  4081 | D:5      | Killed Edmund
  4795 | D:5      | Found an iron altar of Okawaru.
  5192 | D:5      | Reached *** piety under Trog
  5560 | D:6      | Reached XP level 9. HP: 39/67 MP: 9/9
  5589 | D:6      | Found a snail-covered altar of Cheibriados.
  5760 | D:6      | Reached skill level 5 in Fighting
  5763 | D:6      | Reached skill level 5 in Armour
  5930 | D:6      | Reached skill level 5 in Long Blades
  6035 | D:6      | Reached skill level 5 in Short Blades
  6118 | D:6      | Found a shadowy altar of Dithmenos.
  6427 | D:6      | Received a gift from Trog
  6582 | D:7      | Noticed a hornet
  6590 | D:7      | Reached skill level 6 in Short Blades
  6591 | D:7      | Paralysed by a hornet for 2 turns
  6600 | D:7      | Killed a hornet
  6982 | D:7      | Found a hide-covered altar of Uskayaw.
  7134 | D:7      | Reached skill level 7 in Short Blades
  7134 | D:7      | Reached XP level 10. HP: 75/76 MP: 10/10
  7307 | D:7      | Reached skill level 5 in Shields
  7633 | D:7      | Reached skill level 8 in Short Blades
  7783 | D:7      | Noticed an orc knight
  7794 | D:7      | HP: 1/76 [orc warrior/war axe (26)]
  7796 | D:7      | Annihilated by an orc warrior

Skill      XL: |  1  2  3  4  5  6  7  8  9 10 |
---------------+-------------------------------+-----
Shields        | 1 2 3 4 5 |  5.0
Armour         | 3 4 6 |  6.7
Short Blades   | 4 7 8 |  8.3
Dodging        | 3 |  3.4
Fighting       | 4 5 6 |  6.1
Stealth        | 1 |  1.4
Long Blades    | 1 4 5 |  5.0
Polearms       | 1 2 |  2.3

Action                   |  1- 3 |  4- 6 |  7- 9 | 10-12 || total
-------------------------+-------+-------+-------+-------++-------
Melee: Short sword       |   139 |   163 |   334 |   106 ||   742
       Hunting sling     |    23 |       |       |       ||    23
       Halberd           |       |       |    81 |       ||    81
       Falchion          |       |       |   170 |       ||   170
Throw: Javelin           |       |       |       |     6 ||     6
Invok: Berserk           |     2 |     4 |     8 |     2 ||    16
       Trog's Hand       |       |     2 |       |       ||     2
  Use: Scroll            |     1 |     1 |     5 |       ||     7
       Potion            |       |     1 |       |       ||     1
  Eat: Chunk             |     3 |     6 |    10 |       ||    19
       Bread ration      |       |     1 |     1 |     1 ||     3
       Royal jelly       |       |       |     1 |       ||     1
       Beef jerky        |       |       |     1 |       ||     1
       Meat ration       |       |       |     1 |       ||     1
       Pizza             |       |       |     1 |       ||     1
Armor: Animal skin       |     1 |       |       |       ||     1
       Leather armour    |    19 |       |       |       ||    19
       Ring mail         |     4 |       |       |       ||     4
       Scale mail        |    42 |    39 |    44 |       ||   125
       Plate armour      |       |       |   284 |    29 ||   313
Dodge: Dodged            |    42 |    44 |   211 |    21 ||   318
Block: Large shield      |   101 |    79 |       |       ||   180
       Buckler           |       |       |    84 |    12 ||    96
       Rpst.: Falchion   |       |       |    13 |       ||    13
